 Dungeon Crawl Stone Soup version 0.21-a0-496-g696f58f (webtiles) character file.

145 noon the Chopper (level 5, -8/47 HPs)
             Began as a Hill Orc Monk on Nov 23, 2017.
             Killed from afar by Ijyb (17 damage)
             ... with a wand of acid (7)
             ... on level 3 of the Dungeon.
             The game lasted 00:12:58 (2365 turns).

noon the Chopper (Hill Orc Monk)                    Turns: 2365, Time: 00:12:59

Health: -8/47      AC: 10    Str: 15    XL:     5   Next: 27%
Magic:  5/5        EV: 10    Int:  8    God:
Gold:   59         SH:  0    Dex: 13    Spells: 4/4 levels left

rFire    . . .     SeeInvis .   a - +0 hand axe
rCold    . . .     Gourm    .   (no shield)
rNeg     . . .     Faith    .   q - +0 scale mail
rPois    .         Spirit   .   (no helmet)
rElec    .         Reflect  .   (no cloak)
rCorr    .         Harm     .   (no gloves)
MR       .....                  (no boots)
Stlth    ..........             (no amulet)
HPRegen  0.15/turn              o - +4 ring of protection
MPRegen  0.09/turn              l - -2 ring of intelligence (curse)

@: no status effects
A: no striking features
a: no special abilities


You were on level 3 of the Dungeon.
You were not hungry.

You visited 1 branch of the dungeon, and saw 3 of its levels.

You collected 59 gold pieces.

Inventory:

Hand Weapons
 a - a +0 hand axe (weapon)
Missiles
 i - 133 stones (quivered)
 j - 60 arrows
Armour
 q - a +0 scale mail (worn)
Jewellery
 k - a +3 ring of evasion
 l - a cursed -2 ring of intelligence (right hand)
 o - a +4 ring of protection (left hand)
Scrolls
 g - a scroll of amnesia {unknown}
 h - a scroll of teleportation
 m - a scroll of random uselessness {unknown}
 p - a scroll of enchant armour {unknown}
Potions
 b - a potion of lignification {unknown}
 d - a potion of resistance {unknown}
 e - a potion of haste
 f - a potion of degeneration {unknown}
Comestibles
 c - 2 bread rations
 n - 3 chunks of flesh


   Skills:
 * Level 4.5 Fighting
 * Level 5.8 Axes
 * Level 1.7 Armour
 + Level 3.0 Dodging
 - Level 1.5 Stealth


You had 4 spell levels left.
You didn't know any spells.

Dungeon Overview and Level Annotations

Branches:
Dungeon (3/15)

Altars:
Nemelex Xobeh
Yredelemnul

Annotations:
D:3 Ijyb


Message History

Ijyb hits you but does no damage.
You hit Ijyb but do no damage.
Ijyb is heavily wounded.
Ijyb hits you but does no damage.
You closely miss Ijyb.
Ijyb is heavily wounded.
Ijyb barely misses you.
You barely miss Ijyb.
Ijyb is heavily wounded.
Ijyb hits you but does no damage.
You hit Ijyb but do no damage.
Ijyb is heavily wounded.
Ijyb hits you but does no damage.
You hit Ijyb.
Ijyb is heavily wounded.
Ijyb closely misses you.
You hit Ijyb.
Ijyb is severely wounded.
Ijyb zaps a wand.
The bolt of acid hits you!
You die...

#.# ## #.#
#.# #.#
#.# #.#
#.#
########.#
......g@.#
##########


You could see Ijyb.

Vanquished Creatures
  3 gnolls (D:2)
  4 adders
  2 oozes (D:3)
  2 worms (D:2)
  3 dart slugs (D:1)
  3 leopard geckos
  An orc (D:3)
  3 giant cockroaches
  11 goblins
  6 hobgoblins
  A ball python (D:1)
  4 bats
  3 frilled lizards
  7 kobolds
  4 rats
57 creatures vanquished.

Notes
Turn   | Place    | Note
-------+----------+-------------------------------------------
     0 | D:1      | noon the Hill Orc Monk began the quest for the Orb.
     0 | D:1      | Reached XP level 1. HP: 19/19 MP: 1/1
    94 | D:1      | Reached XP level 2. HP: 15/27 MP: 2/2
   169 | D:1      | You fall through a shaft!
   198 | D:2      | Found a basalt altar of Yredelemnul.
   494 | D:1      | Reached XP level 3. HP: 17/33 MP: 3/3
   915 | D:2      | Found a sparkling altar of Nemelex Xobeh.
   924 | D:2      | Reached skill level 5 in Axes
   928 | D:2      | Reached skill level 1 in Armour
   928 | D:2      | Reached XP level 4. HP: 25/40 MP: 4/4
  1801 | D:3      | Reached XP level 5. HP: 43/47 MP: 5/5
  2345 | D:3      | Noticed Ijyb
  2365 | D:3      | Killed from afar by Ijyb

Vault maps used:
D:1:      dpeg_arrival_tiny_k
D:2:      nicolae_overflow_crystal_walls, yredelemnul_altar_generic,
          corexii_hall_statues_x, minmay_misc_feat_iff
D:3:      uniq_ijyb

Skill      XL: |  1  2  3  4 |
---------------+-------------+-----
Fighting       | 4 |  4.5
Axes           | 5 |  5.8
Armour         | 1 |  1.7
Dodging        | 3 |  3.0
Stealth        | |  1.5

Action                   |  1- 3 |  4- 6 || total
-------------------------+-------+-------++-------
Melee: Hand axe          |    95 |   134 ||   229
Throw: Stone             |       |     6 ||     6
  Use: Scroll            |     3 |       ||     3
 Stab: Sleeping          |     3 |     3 ||     6
  Eat: Chunk             |       |     5 ||     5
Armor: Robe              |     7 |       ||     7
       Ring mail         |       |    19 ||    19
       Leather armour    |       |     3 ||     3
       Scale mail        |       |    16 ||    16
Dodge: Dodged            |    54 |    77 ||   131

Table legend:
 A = Spawn XP
 B = Non-spawn XP
 C = Spawn XP percentage of total XP
 D = Spawn monster count
 E = Non-spawn monster count
 F = Spawn count percentage of total count
 G = Total turns spent on level
                    A         B        C        D         E        F      G
               +---------+---------+-------+---------+---------+-------+---------
         Total |       0 |     208 |   0.0 |       0 |      57 |   0.0 |  2365
               +---------+---------+-------+---------+---------+-------+---------
           D:1 |       0 |      39 |   0.0 |       0 |      19 |   0.0 |   769
           D:2 |       0 |     110 |   0.0 |       0 |      19 |   0.0 |   983
           D:3 |       0 |      59 |   0.0 |       0 |      19 |   0.0 |   613
               +---------+---------+-------+---------+---------+-------+---------
